 Dungeon Crawl Stone Soup version 0.18-a0-1406-gf4880ca (webtiles) character file.

144 CopycatKevin the Covered (level 5, 0/47 HPs)
             Began as a Minotaur Fighter on Feb 24, 2016.
             Killed by nerve-wracking pain
             ... invoked by Grinder
              (13 damage)
             ... on level 3 of the Dungeon.
             The game lasted 00:09:38 (2664 turns).

CopycatKevin the Covered (Minotaur Fighter)         Turns: 2664, Time: 00:09:38

Health: 0/47       AC:  8    Str: 23 (25) XL:     5   Next: 5%
Magic:  4/4        EV:  8    Int:  8 (10) God:
Gold:   184        SH:  9    Dex:  8 (10) Spells: 0 memorised, 4 levels left

rFire  + . .     SeeInvis .     a - +0 war axe
rCold  x . .     Gourm    .     b - +0 scale mail
rNeg   . . .     Faith    .     c - +0 shield
rPois  .         Spirit   .     (helmet restricted)
rElec  .         Dismiss  .     (no cloak)
rCorr  .         Reflect  .     (no gloves)
SustAt .         Harm     .     l - +0 pair of boots
MR     .....                    (no amulet)
Stlth  ..........               j - +4 ring of strength
                                k - ring of fire

@: brilliant, flying, not resistant to hostile enchantments, extremely
unstealthy
A: retaliatory headbutt, horns 2
a: no special abilities


You were on level 3 of the Dungeon.
You were not hungry.

You visited 1 branch of the dungeon, and saw 3 of its levels.

You collected 184 gold pieces.

Inventory:

Hand Weapons
 a - a +0 war axe (weapon)
Armour
 b - a +0 scale mail (worn)
 c - a +0 shield (worn)
 l - a +0 pair of boots (worn)
Jewellery
 j - a +4 ring of strength (right hand)
 k - a ring of fire (left hand)
Scrolls
 e - a scroll of random uselessness
 n - a scroll of recharging
 p - 2 scrolls of teleportation
Potions
 d - a potion of might
 g - a potion of flight
 i - a potion of degeneration
Comestibles
 f - 3 bread rations
 o - 3 meat rations


   Skills:
 - Level 4.4 Fighting
 * Level 3.7 Axes
 + Level 4.6 Armour
 + Level 1.5 Dodging
 + Level 4.3 Shields


You had 4 spell levels left.
You didn't know any spells.

Dungeon Overview and Level Annotations

Branches:
Dungeon (3/15)

Altars:

Annotations:
D:3 Grinder


Innate Abilities, Weirdness & Mutations

You reflexively headbutt those who attack you in melee.
You have a pair of horns on your head.


Message History

It was a potion of degeneration.
There was something very wrong with that liquid.
You feel weakened.
You feel dopey.
You feel clumsy.
Drink which item? (? for menu, Esc to quit)
You feel very buoyant.
You fly up into the air.
Grinder gestures at you. You resist with significant effort.
Grinder hits you but does no damage. You block Grinder's attack.
You block Grinder's attack.
Grinder says, "There's only one good use for a tongue: cutting it out."
Grinder gestures at you. You resist with significant effort.
Found a stone staircase leading down.
Grinder gestures.
Grinder blinks!
Grinder gestures at you. Pain shoots through your body!
You die...

# ######..
.......# .......#
.......# ###
........ .>#
.......# #.#
........ #.#
......## # #@#
......#
#.#..#.########
......#
...........ยง...#
......#
#####.#5######.#
#.#.##. ...#.#
#.##.# ..#.# ###
..# #...5# ### #
.### #...## ###
#. ###.# ..# #
#.#


You could see Grinder.

Vanquished Creatures
  7 adders
  2 worms (D:3)
  3 dart slugs (D:1)
  2 giant geckos
  4 giant cockroaches
  8 hobgoblins
  4 jackals
  2 quokkas
  7 bats
  2 giant newts
  8 goblins
  10 kobolds
  8 rats
67 creatures vanquished.

Notes
Turn   | Place    | Note
--------------------------------------------------------------
     0 | D:1      | CopycatKevin the Minotaur Fighter began the quest for the Orb.
     0 | D:1      | Reached XP level 1. HP: 19/19 MP: 0/0
   143 | D:1      | Reached XP level 2. HP: 27/27 MP: 1/1
   343 | D:1      | Reached XP level 3. HP: 31/34 MP: 2/2
  1281 | D:2      | Reached skill level 1 in Dodging
  1412 | D:2      | Reached XP level 4. HP: 41/41 MP: 3/3
  2558 | D:3      | Reached XP level 5. HP: 43/47 MP: 4/4
  2631 | D:3      | Noticed Grinder
  2637 | D:3      | Paralysed by Grinder for 7 turns
  2664 | D:3      | Killed from afar by Grinder

Vault maps used:
D:1:      dpeg_arrival_solitude
D:3:      uniq_grinder

Skill      XL: |  1  2  3  4 |
---------------+-------------+-----
Fighting       | 4 |  4.4
Shields        | 4 |  4.3
Armour         | 4 |  4.6
Dodging        | 1 |  1.5
Axes           | 3 |  3.7

Action                   |  1- 3 |  4- 6 || total
-------------------------+-------+-------++-------
Melee: War axe           |    92 |    44 ||   136
  Use: Scroll            |     4 |     2 ||     6
       Potion            |       |     3 ||     3
  Eat: Chunk             |     2 |     4 ||     6
